 Dungeon Crawl Stone Soup version 0.26.1-11-gd32895ea62 (webtiles) character file.

Game seed: 1322042505102016913

22269 Crownlay the Frost Mage (level 12, -5/92 HPs)
             Began as a Gnoll Ice Elementalist on July 17, 2021.
             Was an Elder of Uskayaw.
             Slain by a phantasmal warrior (12 damage)
             ... led by a death knight
             ... on level 12 of the Dungeon.
             The game lasted 01:06:58 (15576 turns).

Crownlay the Frost Mage (Gnoll Ice Elementalist)   Turns: 15576, Time: 01:06:59

Health: -5/92      AC: 26    Str: 14    XL:     12   Next: 98%
Magic:  19/25      EV: 19    Int: 22    God:    Uskayaw [****..]
Gold:   1043       SH:  0    Dex: 16    Spells: 7/29 levels left

rFire    . . .     SeeInvis .   R - +6 lajatang (drain)
rCold    + + .     Faith    +   (shield currently unavailable)
rNeg     . . .     Spirit   .   n - +1 steam dragon scales
rPois    .         Reflect  .   l - +1 helmet
rElec    .         Harm     .   J - scarf {rC+ rF+}
rCorr    +         Rampage  +   A - +1 pair of gloves {Str+3}
Will     .....                  O - +2 pair of boots {rampage}
Stlth    ++++......             q - amulet of faith
HPRegen  0.65/turn              p - ring of ice
MPRegen  0.19/turn              w - ring of resist corrosion

@: icy armour, weak-willed, frozen ramparts, slowed, studying Long Blades, very
slow
A: distributed training, fangs 1, talons 1, regeneration 1, strong nose
a: Renounce Religion, Stomp, Line Pass


You were on level 12 of the Dungeon.
You worshipped Uskayaw.
Uskayaw was aware of your devotion.
You visited 2 branches of the dungeon, and saw 12 of its levels.
You also visited: Ossuary and Gauntlet.

You collected 1267 gold pieces.
You spent 224 gold pieces at shops.

Inventory:

Hand Weapons
 a - a +2 trident of venom
 e - the +8 demon blade "Leech" {vamp, *Rage +Rage rN+}
   (You found it in a Gauntlet)

   It inflicts no extra harm, but heals its wielder when it wounds a living foe.
   It protects you from negative energy.
   It lets you go berserk.
   It may make you go berserk in combat.
 R - a +6 lajatang of draining (weapon)
 V - a +0 club
Missiles
 U - 5 silver boomerangs (quivered)
Armour
 l - a +1 helmet (worn)
 n - +1 steam dragon scales (worn)
 A - a +1 pair of gloves of strength (worn)
 J - a scarf of resistance (worn)
 O - a +2 pair of boots of rampaging (worn)
Jewellery
 b - an uncursed ring of positive energy
 k - an uncursed amulet of magic regeneration
 p - a ring of ice (left hand)
 q - an amulet of faith (around neck)
 r - an uncursed amulet of guardian spirit
 w - a ring of resist corrosion (right hand)
 C - an uncursed ring of poison resistance
 G - a +6 ring of intelligence {unknown}
 M - an uncursed amulet of regeneration {unknown}
 S - a +6 ring of dexterity {unknown}
Wands
 o - a wand of iceblast (8)
 t - a wand of acid (26)
 z - a wand of polymorph (15)
 I - a wand of paralysis (6)
 K - a wand of disintegration (13)
 N - a wand of random effects (14)
Scrolls
 d - 2 scrolls of fog
 f - 2 scrolls of remove curse
 g - 4 scrolls of teleportation
 s - a scroll of magic mapping
 u - 3 scrolls of blinking
 E - a scroll of fear {unknown}
 F - a scroll of silence
 Q - a scroll of amnesia
 T - a scroll of holy word
Potions
 c - a potion of resistance
 h - 5 potions of might
 i - 2 potions of invisibility
 j - 2 potions of attraction
 m - 3 potions of brilliance
 v - 3 potions of flight
 x - 2 potions of lignification
 B - 6 potions of curing
 D - 3 potions of haste
 H - a potion of heal wounds
 L - a potion of magic
Books
 y - a manual of Long Blades
Miscellaneous
 P - a condenser vane


   Skills:
 + Level 7.8 Fighting
 + Level 7.8 Short Blades
 + Level 8.9 Long Blades
 + Level 7.8 Axes
 + Level 7.8 Maces & Flails
 + Level 7.8 Polearms
 + Level 7.8 Staves
 + Level 7.8 Slings
 + Level 7.8 Bows
 + Level 7.8 Crossbows
 + Level 7.8 Throwing
 + Level 7.8 Armour
 + Level 9.1 Dodging
 + Level 8.9 Stealth
 + Level 7.8 Shields
 + Level 7.8 Unarmed Combat
 + Level 9.3 Spellcasting
 + Level 6.5 Conjurations
 + Level 6.5 Hexes
 + Level 6.5 Summonings
 + Level 6.5 Necromancy
 + Level 6.5 Translocations
 + Level 6.5 Transmutations
 + Level 6.5 Fire Magic
 + Level 9.7 Ice Magic
 + Level 6.5 Air Magic
 + Level 6.5 Earth Magic
 + Level 6.5 Poison Magic
 + Level 8.5 Invocations
 + Level 7.8 Evocations


You had 7 spell levels left.
You knew the following spells:

 Your Spells              Type           Power        Failure   Level
a - Freeze                Ice            100%         1%          1
b - Frozen Ramparts       Ice            100%         1%          3
c - Ozocubu's Armour      Ice            68%          1%          3
d - Summon Ice Beast      Ice/Summ       62%          2%          4
e - Freezing Cloud        Conj/Ice/Air   30%          41%         6
f - Lightning Bolt        Conj/Air       19%          12%         5

Your spell library contained the following spells:

 Spells                   Type           Power        Failure   Level
 Beastly Appendage        Tmut           76%          1%          1
 Magic Dart               Conj           100%         1%          1
 Corpse Rot               Necr/Air       N/A          1%          2
 Ensorcelled Hibernation  Hex/Ice        100%         1%          2
 Poisonous Vapours        Pois/Air       76%          1%          2
 Searing Ray              Conj           76%          1%          2
 Slow                     Hex            38%          1%          2
 Wereblood                Tmut           38%          1%          2
 Conjure Flame            Conj/Fire      38%          1%          3
 Dazzling Flash           Conj/Hex       76%          1%          3
 Mephitic Cloud           Conj/Pois/Air  38%          1%          3
 Spider Form              Tmut/Pois      19%          1%          3
 Hailstorm                Conj/Ice       62%          2%          4
 Ice Form                 Ice/Tmut       62%          2%          4
 Fulminant Prism          Conj/Hex       19%          4%          4
 Iskenderun's Mystic Bla  Conj/Tloc      38%          4%          4
 Leda's Liquefaction      Hex/Erth       19%          4%          4
 Blade Hands              Tmut           19%          12%         5
 Summon Mana Viper        Hex/Summ       38%          12%         5
 Tornado                  Air            19%          100%        9


Dungeon Overview and Level Annotations

Branches:
Dungeon (12/15)            Temple (1/1) D:5            Lair (0/6) D:9
    Orc (0/2) D:12        Ossuary (visited)         Gauntlet (visited)

Altars:
Ashenzari
Cheibriados
Elyvilon
Fedhas
Hepliaklqana
Makhleb
Nemelex Xobeh
Qazlal
Ru
Sif Muna
Trog
Uskayaw
Vehumet
Xom
Yredelemnul
Zin
The Shining One

Shops:
D:7 =   D:10 ?


Innate Abilities, Weirdness & Mutations

Your experience applies equally to all skills.
You have very sharp teeth.
Your uncanny sense of smell can sniff out nearby items.
You have sharp toenails.
Your natural rate of healing is unusually fast.


Message History

Uskayaw will force your foes to share their pain.
Uskayaw links your audience in an emotional bond!
Your icy armour and frozen ramparts will break if you move.
Continue?
You miss something.
The wall freezes something.
Something barely misses you.
The wall freezes something but does no damage.
Something barely misses you.
The wall freezes something.
Something hits you.
* * * LOW HITPOINT WARNING * * *
The wall freezes something.
Something hits you!
* * * LOW HITPOINT WARNING * * *
The phantasmal warrior resists.
The wall freezes the phantasmal warrior.
The phantasmal warrior hits you!
* * * LOW HITPOINT WARNING * * *
Your willpower is stripped away!
The wall freezes something.
Something hits you.
* * * LOW HITPOINT WARNING * * *
The phantasmal warrior resists.
The wall freezes the phantasmal warrior.
The phantasmal warrior hits you!
You die...

..................
...#..###.........
..................
.................###
.........#######...
.........# #.....#
.........###.....# ∆
∆ ∆
...............{W#∆
∆ ∆
.........#######@#
∆∆∆∆( .........##
#.#∆ ∆∆y[
....[......## #.#
∆∆:}$ .........#..#
#.#∆


([c) ###########.# #.# Y.$c$ #.# #.#e.Q.o. #.####.######
###########............. .........##.###........# You could see a phantasmal
warrior (pain bonded).

Vanquished Creatures
  A minotaur (Gauntlet)
  A hydra (D:11)
  A death knight (D:11)
  2 two-headed ogres
  A necromancer (Gauntlet)
  3 ugly things
  A deep elf mage (D:12)
  A manticore (D:11)
  Psyche (D:9)
  Maggie (D:9)
  A freezing wraith (D:11)
  The ghost of SamuraiZach the Ruffian, an amateur TrDe (D:5)
  5 trolls
  A wolf spider simulacrum (Gauntlet)
  A hornet (D:9)
  Grinder (D:4)
  A raiju (Gauntlet)
  A shadow (D:12)
  2 centaur simulacra (Gauntlet)
  11 yaks (D:12)
  4 wraiths
  A steam dragon (Gauntlet)
  3 vampire mosquitoes (D:12)
  A water moccasin (D:11)
  2 black bears (D:7)
  9 orc warriors
  6 sky beasts
  11 ogres
  3 phantoms
  2 ice beasts
  10 wolves
  16 centaurs
  2 big kobolds
  11 bullfrogs
  4 gnoll sergeants (D:12)
  5 small abominations (Gauntlet)
  5 scorpions
  8 killer bees
  11 wights
  3 electric eels (D:9)
  3 howler monkeys
  3 bullfrog zombies
  A wyvern simulacrum (Gauntlet)
  4 centaur zombies
  2 human zombies (Ossuary)
  4 jellies
  3 bullfrog skeletons
  8 orc priests
  A centaur skeleton (D:8)
  10 hounds
  11 orc wizards
  8 worker ants
  3 iguanas
  A killer bee zombie (D:9)
  A bullfrog simulacrum (Gauntlet)
  3 mummies (Ossuary)
  A worker ant zombie (D:11)
  A howler monkey skeleton (D:11)
  10 adders
  6 gnolls
  2 white imps
  An ufetubus (D:5)
  An ooze (D:2)
  2 adder zombies
  3 worms
  2 dart slugs
  5 leopard geckos
  28 orcs
  A ball python (D:7)
  4 giant cockroaches
  A gnoll zombie (Ossuary)
  3 goblins
  3 hobgoblins (D:1)
  2 jackals (D:2)
  A quokka (D:4)
  A ball python skeleton (D:4)
  3 bats (D:1)
  3 frilled lizards
  3 goblin zombies
  16 kobolds
  A leopard gecko skeleton (D:6)
  2 orc zombies (Ossuary)
  A quokka skeleton (D:5)
  A quokka zombie (D:6)
  3 rats
  A rat zombie (D:6)
333 creatures vanquished.

Vanquished Creatures (collateral kills)
  A wight (D:6)
  2 gnolls (D:6)
3 creatures vanquished.

Vanquished Creatures (others)
  2 orcs (D:4)
  2 jackals (D:1)
  2 fungi (Gauntlet)
  18 plants
24 creatures vanquished.

Grand Total: 360 creatures vanquished

Notes
Turn   | Place    | Note
-------+----------+-------------------------------------------
     0 | D:1      | Crownlay the Gnoll Ice Elementalist began the quest for the
                  | Orb.
     0 | D:1      | Reached XP level 1. HP: 13/13 MP: 6/6
   315 | D:1      | Reached XP level 2. HP: 16/19 MP: 4/7
   971 | D:2      | Reached XP level 3. HP: 25/25 MP: 9/9
   975 | D:2      | Learned a level 3 spell: Frozen Ramparts
   979 | D:2      | Learned a level 3 spell: Ozocubu's Armour
   992 | D:2      | Reached skill level 5 in Spellcasting
  1114 | D:2      | Reached skill level 1 in Invocations
  1216 | D:2      | You fall into a shaft and drop 2 floors!
  1221 | D:4      | Reached skill level 1 in Fighting
  1221 | D:4      | Reached skill level 1 in Short Blades
  1221 | D:4      | Reached skill level 1 in Long Blades
  1221 | D:4      | Reached skill level 1 in Axes
  1221 | D:4      | Reached skill level 1 in Maces & Flails
  1221 | D:4      | Reached skill level 1 in Polearms
  1221 | D:4      | Reached skill level 1 in Staves
  1221 | D:4      | Reached skill level 1 in Slings
  1221 | D:4      | Reached skill level 1 in Bows
  1221 | D:4      | Reached skill level 1 in Crossbows
  1221 | D:4      | Reached skill level 1 in Throwing
  1221 | D:4      | Reached skill level 1 in Armour
  1221 | D:4      | Reached skill level 1 in Shields
  1221 | D:4      | Reached skill level 1 in Unarmed Combat
  1221 | D:4      | Reached skill level 1 in Evocations
  1221 | D:4      | Reached XP level 4. HP: 32/32 MP: 8/11
  1236 | D:4      | Reached skill level 1 in Conjurations
  1236 | D:4      | Reached skill level 1 in Hexes
  1236 | D:4      | Reached skill level 1 in Summonings
  1236 | D:4      | Reached skill level 1 in Necromancy
  1236 | D:4      | Reached skill level 1 in Translocations
  1236 | D:4      | Reached skill level 1 in Transmutations
  1236 | D:4      | Reached skill level 1 in Fire Magic
  1236 | D:4      | Reached skill level 1 in Air Magic
  1236 | D:4      | Reached skill level 1 in Earth Magic
  1236 | D:4      | Reached skill level 1 in Poison Magic
  1359 | D:4      | Noticed a bullfrog
  1376 | D:4      | Killed a bullfrog
  1377 | D:4      | Reached XP level 5. HP: 17/37 MP: 7/12
  1445 | D:4      | Noticed an ogre
  1454 | D:4      | Killed an ogre
  1455 | D:4      | Reached skill level 5 in Dodging
  1455 | D:4      | Reached XP level 6. HP: 32/44 MP: 9/14
  1583 | D:4      | Learned a level 4 spell: Summon Ice Beast
  1699 | D:4      | Noticed Grinder
  1719 | D:4      | Killed Grinder
  1720 | D:4      | Reached XP level 7. HP: 21/51 MP: 15/15
  2161 | D:4      | Got a dazzling hunting sling
  2162 | D:4      | Identified the +1 hunting sling "Ijuuhuam" {flame, Dex+6}
                  | (You found it on level 4 of the Dungeon)
  2478 | D:4      | Reached skill level 5 in Stealth
  2858 | D:5      | Entered Level 5 of the Dungeon
  3010 | D:5      | Found a runed translucent door.
  3010 | D:5      | Noticed SamuraiZach's ghost (amateur TrDe)
  3184 | D:5      | Reached XP level 8. HP: 46/57 MP: 11/16
  3546 | D:5      | Found a staircase to the Ecumenical Temple.
  3552 | Temple   | Entered the Ecumenical Temple
  3581 | Temple   | Became a worshipper of Uskayaw the Reveller
  3614 | D:5      | Reached * piety under Uskayaw
  4231 | D:5      | Reached ** piety under Uskayaw
  4233 | D:5      | Reached *** piety under Uskayaw
  4238 | D:5      | Reached **** piety under Uskayaw
  4242 | D:5      | Killed SamuraiZach's ghost
  4525 | D:6      | Reached ***** piety under Uskayaw
  4536 | D:6      | Reached XP level 9. HP: 24/65 MP: 15/18
  4775 | D:6      | Found a sand-covered staircase.
  4782 | Ossuary  | Entered an ossuary
  7104 | D:7      | Found Ipnij's Jewellery Shop.
  7114 | D:7      | Reached skill level 5 in Invocations
  7952 | D:8      | Reached XP level 10. HP: 71/73 MP: 16/20
  8219 | D:8      | Reached skill level 5 in Fighting
  8219 | D:8      | Reached skill level 5 in Short Blades
  8219 | D:8      | Reached skill level 5 in Long Blades
  8219 | D:8      | Reached skill level 5 in Axes
  8219 | D:8      | Reached skill level 5 in Maces & Flails
  8219 | D:8      | Reached skill level 5 in Polearms
  8219 | D:8      | Reached skill level 5 in Staves
  8219 | D:8      | Reached skill level 5 in Slings
  8219 | D:8      | Reached skill level 5 in Bows
  8219 | D:8      | Reached skill level 5 in Crossbows
  8219 | D:8      | Reached skill level 5 in Throwing
  8219 | D:8      | Reached skill level 5 in Armour
  8219 | D:8      | Reached skill level 5 in Shields
  8219 | D:8      | Reached skill level 5 in Unarmed Combat
  8219 | D:8      | Reached skill level 5 in Evocations
  8612 | D:8      | Found a shimmering blue altar of Sif Muna.
  8665 | D:10     | Entered Level 10 of the Dungeon
  9152 | D:9      | Noticed Maggie
  9159 | D:9      | Noticed Psyche
  9168 | D:9      | Killed Maggie
  9172 | D:9      | Killed Psyche
  9401 | D:9      | Noticed a two-headed ogre
  9410 | D:9      | Killed a two-headed ogre
  9498 | D:9      | Found a staircase to the Lair.
 10623 | D:9      | Reached XP level 11. HP: 73/81 MP: 22/22
 11296 | D:10     | Reached skill level 5 in Conjurations
 11296 | D:10     | Reached skill level 5 in Hexes
 11296 | D:10     | Reached skill level 5 in Summonings
 11296 | D:10     | Reached skill level 5 in Necromancy
 11296 | D:10     | Reached skill level 5 in Translocations
 11296 | D:10     | Reached skill level 5 in Transmutations
 11296 | D:10     | Reached skill level 5 in Fire Magic
 11296 | D:10     | Reached skill level 5 in Air Magic
 11296 | D:10     | Reached skill level 5 in Earth Magic
 11296 | D:10     | Reached skill level 5 in Poison Magic
 11506 | D:10     | Found Ymmue's Magic Scroll Shoppe.
 11510 | D:10     | Bought a scroll of enchant weapon for 112 gold pieces
 11510 | D:10     | Bought a scroll of enchant weapon for 112 gold pieces
 11643 | D:10     | Identified 2 scrolls of acquirement
 11643 | D:10     | Acquired the Collected Works on Bewitching Weightlessness
 11653 | D:10     | Learned a level 3 spell: Mephitic Cloud
 11659 | D:10     | Learned a level 5 spell: Lightning Bolt
 11659 | D:10     | Acquired 439 gold pieces
 11761 | D:10     | Gained mutation: Scrolls take you a little longer to read.
                  | [potion of mutation]
 11761 | D:10     | Gained mutation: You occasionally shout uncontrollably at
                  | your foes. [potion of mutation]
 11761 | D:10     | Gained mutation: You are partially covered in slimy green
                  | scales. (AC +2) [potion of mutation]
 11764 | D:10     | Lost mutation: You are partially covered in slimy green
                  | scales. (AC +2) [potion of mutation]
 11764 | D:10     | Lost mutation: You occasionally shout uncontrollably at
                  | your foes. [potion of mutation]
 11764 | D:10     | Lost mutation: Scrolls take you a little longer to read.
                  | [potion of mutation]
 11764 | D:10     | Gained mutation: You have a pair of small antennae on your
                  | head. [potion of mutation]
 11764 | D:10     | Gained mutation: You are resistant to electric shocks.
                  | (rElec) [potion of mutation]
 11844 | D:11     | Found a gate leading to a gauntlet.
 11856 | Gauntlet | Entered a Gauntlet
 11856 | Gauntlet | Found a transporter.
 11856 | Gauntlet | Found a transporter.
 11856 | Gauntlet | Found a transporter.
 11858 | Gauntlet | Noticed an entropy weaver
 11859 | Gauntlet | Found a transporter.
 11860 | Gauntlet | Found the +8 demon blade "Leech" {vamp, *Rage +Rage rN+}
 11862 | Gauntlet | Found a large runed translucent door.
 11863 | Gauntlet | Found a large runed translucent door.
 11864 | Gauntlet | Found a large runed translucent door.
 11864 | Gauntlet | Found a large runed translucent door.
 11864 | Gauntlet | Found a runed translucent door.
 11864 | Gauntlet | Found a runed translucent door.
 11864 | Gauntlet | Noticed a necromancer
 11865 | Gauntlet | Found a large runed translucent door.
 11865 | Gauntlet | Found a large runed translucent door.
 11865 | Gauntlet | Found a large runed translucent door.
 11865 | Gauntlet | Found a large runed translucent door.
 11866 | Gauntlet | Found a large runed translucent door.
 11867 | Gauntlet | Found a large runed translucent door.
 11871 | Gauntlet | Found a transporter.
 11876 | Gauntlet | Noticed a necromancer
 11894 | Gauntlet | Noticed a death yak
 11900 | Gauntlet | Found a transporter.
 11937 | Gauntlet | Noticed a death yak
 11941 | Gauntlet | Found a transporter.
 11943 | Gauntlet | Noticed a death yak
 11959 | Gauntlet | Found a large runed translucent door.
 11960 | Gauntlet | Found a large runed translucent door.
 11961 | Gauntlet | Found a large runed translucent door.
 11962 | Gauntlet | Found a runed translucent gate.
 11963 | Gauntlet | Found a transporter.
 11963 | Gauntlet | Found a runed translucent gate.
 11964 | Gauntlet | Found a runed translucent gate.
 11965 | Gauntlet | Found a large runed translucent door.
 11966 | Gauntlet | Found a large runed translucent door.
 11967 | Gauntlet | Found a large runed translucent door.
 11969 | Gauntlet | Found a transporter.
 11977 | Gauntlet | Found a transporter.
 11997 | Gauntlet | Found a transporter.
 12004 | Gauntlet | Found a transporter.
 12134 | Gauntlet | Killed a necromancer
 12691 | Gauntlet | Noticed a minotaur
 12705 | Gauntlet | Killed a minotaur
 12966 | D:11     | Noticed a manticore
 12980 | D:11     | Killed a manticore
 13143 | D:11     | Noticed a cyan ugly thing
 13157 | D:11     | Killed a cyan ugly thing
 13223 | D:11     | Noticed a green ugly thing
 13231 | D:11     | Noticed a five-headed hydra
 13237 | D:11     | Killed a green ugly thing
 13237 | D:11     | Killed an eight-headed hydra
 13406 | D:11     | Reached XP level 12. HP: 86/89 MP: 24/24
 13436 | D:11     | Reached ****** piety under Uskayaw
 14005 | D:11     | Learned a level 6 spell: Freezing Cloud
 14042 | D:12     | Noticed a two-headed ogre
 14052 | D:12     | Killed a two-headed ogre
 14064 | D:12     | Noticed a death knight
 14070 | D:11     | HP: 4/91 [poisoned by a killer bee]
 14717 | D:11     | Killed a death knight
 15223 | D:12     | Lost mutation: You have a pair of small antennae on your
                  | head. [potion of mutation]
 15223 | D:12     | Lost mutation: You are resistant to electric shocks.
                  | (rElec) [potion of mutation]
 15223 | D:12     | Gained mutation: Your natural rate of healing is unusually
                  | fast. [potion of mutation]
 15223 | D:12     | Gained mutation: You have sharp toenails. [potion of
                  | mutation]
 15456 | D:12     | Found a staircase to the Orcish Mines.
 15557 | D:12     | Noticed a centaur warrior
 15560 | D:12     | Noticed a tengu warrior
 15560 | D:12     | Noticed a centaur warrior
 15560 | D:12     | Noticed a centaur warrior
 15576 | D:12     | Slain by a phantasmal warrior

Illustrated notes

Levels and vault maps discovered:
D:1:      dpeg_arrival_windows_large_door, layout_rooms,
          hangedman_decor_riveting, lemuel_flame_loot_1
D:2:      layout_basic, serial_bayou_lake_a
D:4:      layout_basic, lemuel_old_faithful, uniq_grinder
D:5:      layout_cave_pods, minmay_temple_entry_hall,
          hellmonk_ghost_happy_afterlife, minmay_strange_pillars, minivault_23
D:6:      layout_loops_ring, enter_ossuary_4, minmay_misc_feat_nine_boxes
D:7:      layout_basic, serial_shops, shop
D:8:      layout_loops_corners, lemuel_blue_sif_altar
D:9:      layout_basic, erik_lair_island, serial_co_window_serial,
          co_window_paths_a, co_window_corner_a, co_window_paths_b,
          co_window_paths_a, co_window_corner_a, co_window_paths_b,
          co_window_paths_b, co_window_broadway_a, co_window_corner_b,
          co_window_2corner, co_window_of_opportunity_c,
          co_window_unsneaky_path_a, co_window_2corner, glass_columns_a,
          glass_columns_b, glass_columns_a, glass_columns_c, uniq_psyche,
          uniq_maggie
D:10:     layout_long_grid, serial_shops, nicolae_shop_behind_doors
D:11:     layout_basic, gauntlet_entry_generic
D:12:     layout_rooms, kennysheep_orc_monster_closet_entryway, minivault_12
Temple:   grunt_wide_crystal_templ

Skill      XL: |  1  2  3  4  5  6  7  8  9 10 11 12 |
---------------+-------------------------------------+-----
Spellcasting   | 5 6 7 8 9 |  9.3
Invocations    | 1 2 3 4 5 6 7 8 |  8.5
Fighting       | 1 2 3 4 5 6 7 |  7.8
Short Blades   | 1 2 3 4 5 6 7 |  7.8
Long Blades    | 1 2 3 4 5 7 8 |  8.9
Axes           | 1 2 3 4 5 6 7 |  7.8
Maces & Flails | 1 2 3 4 5 6 7 |  7.8
Polearms       | 1 2 3 4 5 6 7 |  7.8
Staves         | 1 2 3 4 5 6 7 |  7.8
Slings         | 1 2 3 4 5 6 7 |  7.8
Bows           | 1 2 3 4 5 6 7 |  7.8
Crossbows      | 1 2 3 4 5 6 7 |  7.8
Throwing       | 1 2 3 4 5 6 7 |  7.8
Armour         | 1 2 3 4 5 6 7 |  7.8
Shields        | 1 2 3 4 5 6 7 |  7.8
Unarmed Combat | 1 2 3 4 5 6 7 |  7.8
Evocations     | 1 2 3 4 5 6 7 |  7.8
Conjurations   | 1 2 3 4 5 6 |  6.5
Hexes          | 1 2 3 4 5 6 |  6.5
Summonings     | 1 2 3 4 5 6 |  6.5
Necromancy     | 1 2 3 4 5 6 |  6.5
Translocations | 1 2 3 4 5 6 |  6.5
Transmutations | 1 2 3 4 5 6 |  6.5
Fire Magic     | 1 2 3 4 5 6 |  6.5
Air Magic      | 1 2 3 4 5 6 |  6.5
Earth Magic    | 1 2 3 4 5 6 |  6.5
Poison Magic   | 1 2 3 4 5 6 |  6.5
Dodging        | 5 6 7 8 9 |  9.1
Stealth        | 5 6 7 8 |  8.9
Ice Magic      | 8 9 |  9.7

Action                   |  1- 3 |  4- 6 |  7- 9 | 10-12 || total
-------------------------+-------+-------+-------+-------++-------
Melee: Club              |     7 |       |       |       ||     7
       Bite              |     5 |     3 |    53 |    53 ||   114
       Short sword       |    16 |       |       |       ||    16
       Whip              |    32 |    51 |   481 |   117 ||   681
       Lajatang          |       |       |       |   382 ||   382
Throw: Boomerang         |       |       |       |    18 ||    18
 Cast: Freeze            |    13 |       |     5 |     2 ||    20
       Frozen Ramparts   |     1 |     3 |    23 |    39 ||    66
       Ozocubu's Armour  |       |     3 |     8 |    27 ||    38
       Summon Ice Beast  |       |       |     4 |       ||     4
Evoke: Wand              |       |       |       |     3 ||     3
  Use: Scroll            |       |       |     7 |    28 ||    35
       Potion            |       |       |       |    13 ||    13
 Stab: Sleeping          |     4 |     1 |    20 |    13 ||    38
       Paralysed         |       |       |     8 |    50 ||    58
       Distracted        |       |       |       |     4 ||     4
Armor: Robe              |     1 |       |       |       ||     1
       Leather armour    |    16 |    15 |    73 |    63 ||   167
       Steam dragon scal |       |       |       |   112 ||   112
Dodge: Dodged            |    38 |    30 |   226 |   483 ||   777
Block: Buckler           |    10 |    13 |    78 |    13 ||   114
